 Dungeon Crawl Stone Soup version 0.24-a0-201-gf205589 (webtiles) character file.

Game seed: 13402366256249204807

11428 Borgoz the Slicer (level 12, 0/77 HPs)
             Began as a Halfling Fighter on Mar 24, 2019.
             Was a Follower of Ashenzari.
             Killed by vampiric draining
             ... invoked by a vampire
              (4 damage)
             ... on level 10 of the Dungeon.
             The game lasted 00:22:00 (8753 turns).

Borgoz the Slicer (Halfling Fighter)                Turns: 8753, Time: 00:22:01

Health: 0/77       AC:  9    Str: 17    XL:     12   Next: 7%
Magic:  12/12      EV: 19    Int:  9    God:    Ashenzari [*.....]
Gold:   527        SH: 11    Dex: 16    Spells: 5/11 levels left

rFire    . . .     SeeInvis +   a - +0 rapier (drain)
rCold    + . .     Gourm    .   c - +0 shield
rNeg     . . .     Faith    .   p - +0 troll leather armour
rPois    .         Spirit   .   x - +0 helmet
rElec    .         Reflect  .   (no cloak)
rCorr    .         Harm     .   (no gloves)
MR       .....                  (no boots)
Stlth    +++.......             d - amulet of regeneration
HPRegen  1.02/turn              j - ring of protection from cold
MPRegen  0.13/turn              (no ring)

@: no status effects
A: small, yellow scales 1, see invisible, mutation resistance 1, subdued magic 1
a: Curse Item, Scrying, Renounce Religion


You were on level 10 of the Dungeon.
You worshipped Ashenzari.
Ashenzari was aware of your devotion.
You were not hungry.

You visited 2 branches of the dungeon, and saw 11 of its levels.
You also visited: Sewer.

You collected 527 gold pieces.

Inventory:

Hand Weapons
 a - a +0 rapier of draining (weapon)
 b - a +5 blowgun
 v - a +1 rapier
 w - a cursed +4 short sword
 y - a +1 dagger of speed
 z - a +0 hunting sling
 J - a +2 dagger of chaos
Missiles
 g - 13 tomahawks (quivered)
 l - 28 poisoned needles
 n - 5 poisoned tomahawks
 o - 232 stones
Armour
 c - a +0 shield (worn)
 h - a +2 scale mail of cold resistance
 p - a +0 troll leather armour (worn)
 x - a +0 helmet (worn)
 D - the +0 scale mail of the Kettle-Drum {rC+ rCorr Str+4 Int+2}
   (You found it on level 8 of the Dungeon)

   It affects your strength (+4).
   It affects your intelligence (+2).
   It protects you from cold.
   It provides partial protection from all sources of acid and corrosion.
Jewellery
 d - an amulet of regeneration (around neck)
 j - a ring of protection from cold (left hand)
 B - an uncursed ring of positive energy
 C - an uncursed ring of ice
Wands
 s - a wand of enslavement (21)
 F - a wand of random effects (5)
Scrolls
 i - 4 scrolls of teleportation
 k - 4 scrolls of amnesia
 m - 6 scrolls of magic mapping
 q - 2 scrolls of blinking
 r - a scroll of fear
 t - 2 scrolls of remove curse
 A - a scroll of enchant armour
 H - 2 scrolls of enchant weapon
Potions
 e - 3 potions of flight
Comestibles
 f - 20 rations
 G - a chunk of flesh


   Skills:
 + Level 5.6 Fighting
 * Level 10.9 Short Blades
 + Level 1.0(1.1) Slings
 + Level 0.3(0.5) Throwing
 * Level 10.3 Armour
 * Level 9.7 Dodging
 - Level 6.0 Stealth
 + Level 6.7 Shields
 + Level 0.3 Spellcasting
 + Level 0.3 Charms
 + Level 2.9 Necromancy
 + Level 0.3 Evocations


You had 5 spell levels left.
You knew the following spells:

 Your Spells              Type           Power        Failure   Level  Hunger
a - Regeneration          Chrm/Necr      #.........   93%         3    ####...
b - Vampiric Draining     Necr           #.........   80%         3    ####...

Your spell library contained the following spells:

 Spells                   Type           Power        Failure   Level  Hunger
 Animate Skeleton         Necr           N/A          41%         1    ##.....
 Pain                     Necr           #...         41%         1    ##.....
 Beastly Appendage        Tmut           #.....       83%         1    ##.....
 Magic Dart               Conj           #...         83%         1    ##.....
 Searing Ray              Conj           #.....       93%         2    ###....
 Sticks to Snakes         Tmut           #.......     93%         2    ###....
 Dazzling Spray           Conj/Hex       #.....       99%         3    ####...
 Spider Form              Tmut/Pois      #.........   99%         3    ####...
 Animate Dead             Necr           N/A          99%         4    #####..
 Force Lance              Conj/Tloc      #.......     100%        4    #####..
 Fulminant Prism          Conj/Hex       #.........   100%        4    #####..
 Ice Form                 Ice/Tmut       #.......     100%        4    #####..
 Iskenderun's Mystic Bla  Conj           #.......     100%        4    #####..
 Blade Hands              Tmut           #.........   100%        5    ######.


Dungeon Overview and Level Annotations

Branches:
Dungeon (10/15)            Temple (1/1) D:5             Orc (0/2) D:9
   Lair: D:8-11

Altars:
Ashenzari
Cheibriados
Dithmenos
Elyvilon
Fedhas
Gozag
Hepliaklqana
Kikubaaqudgha
Makhleb
Nemelex Xobeh
Okawaru
Qazlal
Ru
Sif Muna
Trog
Uskayaw
Vehumet
Wu Jian
Xom
Yredelemnul
Zin
The Shining One

Shops:
D:4 *   D:8 (

Annotations:
D:7 1 runed translucent door, Crazy Yiuf


Innate Abilities, Weirdness & Mutations

You are small and have problems with some larger weapons.
You are somewhat resistant to further mutation.
You are partially covered in yellow scales. (AC +2)
You have supernaturally acute eyesight. (SInv)
Your spells are a little easier to cast, but a little less powerful.


Message History

The vampire draws strength from your injuries!
You puncture the vampire!
The vampire is heavily damaged.
The vampire hits you!
* * * LOW HITPOINT WARNING * * *
You block the vampire's attack.
Throwing (i - inventory. (/) - cycle)
u - a throwing net (quivered)
Press: ? - help, Shift-Dir - straight line, f/p - vampire
Aim: a vampire (heavily damaged, fast, slightly transparent)
You throw a throwing net.
The throwing net barely misses the vampire.
You block the vampire's attack.
The vampire bites you but does no damage.
Throwing (i - inventory. (/) - cycle)
g - 14 tomahawks (quivered)
Press: ? - help, Shift-Dir - straight line, f/p - vampire
Aim: a vampire (heavily damaged, fast, slightly transparent)
You throw a tomahawk. The tomahawk hits the vampire.
The vampire is heavily damaged.
The vampire is infused with unholy energy.
You die...

###
#@#
#V#
#.#
#.#
#.#
#.#
#.#
#(#


You could see a vampire (invisible).

Vanquished Creatures
  Pikel (D:6)
  A cyclops (D:7)
  Psyche (D:8)
  A rime drake (D:6)
  A hippogriff (D:8)
  Sigmund (D:3)
  A vampire (D:7)
  A hungry ghost (D:7)
  Duvessa (D:6)
  A water moccasin (D:6)
  2 sky beasts
  3 black bears
  3 orc warriors
  An ice beast (D:6)
  2 slaves (D:6)
  A phantom (D:4)
  3 ogres
  A centaur (D:5)
  A big kobold (Sewer)
  7 bullfrogs
  Blork the orc (D:4)
  A gnoll sergeant (D:9)
  Dowan (D:6)
  3 scorpions (D:7)
  2 killer bees (D:9)
  3 wights (D:7)
  A jelly (D:8)
  A howler monkey (D:7)
  2 centaur zombies
  A crimson imp (D:5)
  2 hounds
  3 orc priests
  A bullfrog skeleton (D:7)
  A centaur skeleton (D:8)
  6 orc wizards
  4 iguanas
  Terence (D:2)
  9 worker ants
  A killer bee zombie (D:8)
  A hound skeleton (D:9)
  A worker ant zombie (D:6)
  2 howler monkey zombies (D:5)
  5 gnolls
  8 adders
  A river rat (Sewer)
  A shadow imp (D:7)
  2 oozes (D:2)
  An adder skeleton (D:6)
  4 worms
  A dart slug (D:4)
  4 leopard geckos
  29 orcs
  3 ball pythons
  6 giant cockroaches
  7 goblins
  6 hobgoblins
  8 jackals
  9 quokkas
  6 bats
  9 frilled lizards
  12 kobolds
  A leopard gecko zombie (D:8)
  11 rats
216 creatures vanquished.

Vanquished Creatures (collateral kills)
  A bat (D:3)
1 creature vanquished.

Grand Total: 217 creatures vanquished

Notes
Turn   | Place    | Note
-------+----------+-------------------------------------------
     0 | D:1      | Borgoz the Halfling Fighter began the quest for the Orb.
     0 | D:1      | Reached XP level 1. HP: 15/15 MP: 1/1
    10 | D:1      | Reached XP level 2. HP: 2/20 MP: 2/2
   639 | D:1      | Reached XP level 3. HP: 25/25 MP: 3/3
  1265 | D:2      | Reached skill level 1 in Dodging
  1519 | D:2      | Reached XP level 4. HP: 28/31 MP: 4/4
  1569 | D:2      | Noticed Terence
  1585 | D:2      | Gained mutation: You are partially covered in yellow
                  | scales. (AC +2) [potion of mutation]
  1585 | D:2      | Gained mutation: Your spells are a little easier to cast,
                  | but a little less powerful. [potion of mutation]
  1585 | D:2      | Gained mutation: You have supernaturally acute eyesight.
                  | (SInv) [potion of mutation]
  1591 | D:2      | Killed Terence
  1591 | D:2      | Reached skill level 1 in Stealth
  1743 | D:2      | Reached XP level 5. HP: 33/36 MP: 5/5
  2745 | D:3      | Noticed Sigmund
  2799 | D:3      | Killed Sigmund
  2799 | D:3      | Reached XP level 6. HP: 14/42 MP: 6/6
  3149 | D:4      | Found a snail-covered altar of Cheibriados.
  3216 | D:4      | Noticed Blork the orc
  3217 | D:4      | Noticed an ogre
  3232 | D:4      | Killed an ogre
  3232 | D:4      | Reached XP level 7. HP: 46/46 MP: 7/7
  3240 | D:4      | Killed Blork the orc
  3336 | D:4      | Found a deep blue altar of Sif Muna.
  3339 | D:4      | Found a radiant altar of Vehumet.
  3342 | D:4      | Found a sparkling altar of Nemelex Xobeh.
  3345 | D:4      | Found a bloodstained altar of Trog.
  3388 | D:4      | Reached skill level 5 in Armour
  3647 | D:4      | Found Wekhlol's General Store.
  3844 | D:5      | Entered Level 5 of the Dungeon
  3924 | D:5      | Reached skill level 5 in Short Blades
  3924 | D:5      | Reached XP level 8. HP: 47/54 MP: 8/8
  3958 | D:5      | Found a glowing drain.
  4011 | D:5      | Found a shattered altar of Ashenzari.
  4171 | D:5      | Became a worshipper of Ashenzari the Shackled
  4303 | Sewer    | Entered a sewer
  4531 | Sewer    | Found a white marble altar of Elyvilon.
  4602 | D:5      | Found a staircase to the Ecumenical Temple.
  4644 | Temple   | Entered the Ecumenical Temple
  5428 | D:6      | Noticed Duvessa
  5432 | D:6      | Noticed Dowan
  5433 | D:6      | Noticed Pikel
  5471 | D:6      | Killed Duvessa
  5471 | D:6      | Reached skill level 5 in Shields
  5702 | D:6      | Noticed a troll
  5736 | D:6      | Reached skill level 5 in Dodging
  5736 | D:6      | Reached XP level 9. HP: 36/58 MP: 9/9
  5737 | D:6      | Noticed a rime drake
  5737 | D:6      | a troll changed into a rime drake
  5757 | D:6      | Killed a rime drake
  5968 | D:6      | Killed Pikel
  6050 | D:6      | Killed Dowan
  6438 | D:7      | Reached * piety under Ashenzari
  6650 | D:7      | Reached XP level 10. HP: 62/65 MP: 10/10
  6809 | D:7      | Reached skill level 5 in Fighting
  6809 | D:7      | Reached skill level 5 in Stealth
  7143 | D:7      | Found a runed translucent door.
  7144 | D:7      | Noticed Crazy Yiuf
  7274 | D:7      | Noticed a green ugly thing
  7275 | D:7      | Noticed a gargoyle
  7287 | D:7      | Noticed a cyclops
  7482 | D:7      | Killed a cyclops
  7767 | D:8      | Learned a level 3 spell: Regeneration
  7771 | D:8      | Learned a level 3 spell: Vampiric Draining
  7800 | D:8      | Got the uncursed scale mail of the Kettle-Drum {rC+ rCorr
                  | Str+4 Int+2}
  7889 | D:8      | Noticed Psyche
  7899 | D:8      | Killed Psyche
  8243 | D:8      | Found Kaggesana's Antique Weapon Shoppe.
  8420 | D:9      | HP: 1/66 [vampire/vampiric draining (14)]
  8500 | D:8      | Noticed a rust devil
  8500 | D:8      | Noticed a rust devil
  8570 | D:9      | Found a staircase to the Orcish Mines.
  8572 | D:9      | Reached XP level 11. HP: 26/72 MP: 11/11
  8573 | D:9      | Identified the +0 scale mail of the Kettle-Drum {rC+ rCorr
                  | Str+4 Int+2} (You found it on level 8 of the Dungeon)
  8614 | D:9      | Reached skill level 10 in Short Blades
  8614 | D:9      | Reached skill level 10 in Armour
  8614 | D:9      | Reached XP level 12. HP: 74/77 MP: 12/12
  8678 | D:9      | Reached skill level 1 in Slings
  8734 | D:10     | Entered Level 10 of the Dungeon
  8751 | D:10     | HP: 1/77 [vampire (8)]
  8753 | D:10     | Killed from afar by a vampire

Levels and vault maps discovered:
D:1:      dpeg_arrival_ternary, layout_loops_ring
D:2:      layout_basic, kennysheep_generic_room_2, uniq_terence
D:3:      layout_rooms, minmay_box_of_dots, uniq_sigmund
D:4:      layout_rooms, grunt_temple_overflow_cloverleaf, first_ration,
          serial_shops, shop, kennysheep_slug_shrine, uniq_blork_the_orc
D:5:      layout_gridville, minmay_temple_entry_mist, portal_sewer_entry_a,
          lemuel_tele_altar
D:6:      layout_basic, uniq_pikel, uniq_duvessa
D:7:      minmay_the_grid_triangle_9x9_rhombus_thin
          [minmay_the_grid_triangle_9x9_skeleton,
          minmay_the_grid_triangle_9x9_prize_top_heavy,
          minmay_the_grid_triangle_9x9_sparse_checkered,
          minmay_the_grid_triangle_9x9_wacky_v], layout_loops_ring,
          uniq_crazy_yiuf_cottage
D:8:      cheibrodos_iron_armory, layout_basic, serial_shops, shop, uniq_psyche
D:9:      layout_loops_ring, orc_0_dummy, grunt_livestock, trog_butcher_becter
D:10:     minmay_klotski, layout_basic, basic_altar, serial_bayou_pond_d,
          bloody_trog, uniq_joseph
Temple:   dpeg_five_rooms_temple
Sewer:    sewer_kobolds

Skill      XL: |  1  2  3  4  5  6  7  8  9 10 11 12 |
---------------+-------------------------------------+-----
Fighting       | 3 4 5 |  5.6
Dodging        | 1 2 3 5 6 7 9 |  9.7
Short Blades   | 3 4 5 6 7 9 10 | 10.9
Stealth        | 1 2 3 4 6 |  6.0
Armour         | 4 5 6 7 8 10 | 10.3
Shields        | 4 5 6 |  6.7
Necromancy     | 2 |  2.9
Slings         | 1 |  1.0
Throwing       | |  0.3
Spellcasting   | |  0.3
Charms         | |  0.3
Evocations     | |  0.3

Action                   |  1- 3 |  4- 6 |  7- 9 | 10-12 || total
-------------------------+-------+-------+-------+-------++-------
Melee: Rapier            |    77 |   146 |   228 |   480 ||   931
       Dagger            |       |   144 |   736 |       ||   880
       Unarmed           |       |       |     2 |       ||     2
Throw: Throwing net      |       |     1 |     2 |     1 ||     4
       Tomahawk          |       |       |       |     1 ||     1
Evoke: Wand              |       |     4 |    14 |    14 ||    32
  Use: Potion            |     2 |     3 |     9 |     5 ||    19
       Scroll            |     2 |     7 |     9 |     6 ||    24
 Stab: Sleeping          |       |       |     2 |     6 ||     8
       Distracted        |       |       |     1 |       ||     1
  Eat: Chunk             |     2 |     6 |    14 |     7 ||    29
       Ration            |       |       |     1 |       ||     1
Armor: Scale mail        |    31 |   106 |   271 |       ||   408
       Skin              |       |       |     1 |       ||     1
       Troll leather arm |       |       |    27 |    66 ||    93
Dodge: Dodged            |    24 |   106 |   389 |   275 ||   794
Block: Shield            |    34 |   168 |   462 |   261 ||   925

Table legend:
 A = Non-vault XP
 B = Vault XP
 C = Vault XP percentage of total XP
 D = Non-vault monster count
 E = Vault monster count
 F = Vault count percentage of total count
                 A         B        C        D         E       F
            +---------+---------+-------+---------+---------+-------
      Total |    4992 |    3562 |  41.6 |     170 |      45 |  20.9
            +---------+---------+-------+---------+---------+-------
        D:1 |      39 |       0 |   0.0 |      16 |       0 |   0.0
        D:2 |      59 |      45 |  43.3 |      18 |       4 |  18.2
        D:3 |      83 |     187 |  69.3 |      30 |       4 |  11.8
        D:4 |     362 |      98 |  21.3 |      11 |       2 |  15.4
        D:5 |     631 |       8 |   1.3 |      18 |       6 |  25.0
        D:6 |     812 |     875 |  51.9 |      13 |       3 |  18.8
        D:7 |    1108 |    1826 |  62.2 |      33 |      16 |  32.7
        D:8 |     909 |     404 |  30.8 |      17 |       1 |   5.6
        D:9 |     989 |       0 |   0.0 |      14 |       0 |   0.0
      Sewer |       0 |     119 | 100.0 |       0 |       9 | 100.0
            +---------+---------+-------+---------+---------+-------
